 Dungeon Crawl Stone Soup version 0.28-a0-1429-gf3d713df7a (webtiles) character file.

Game seed: 10572980875366729538

290 tatocazan the Skirmisher (level 6, 0/48 HPs)
             Began as a Demonspawn Fighter on Jan 8, 2022.
             Succumbed to a killer bee's poison
             ... on level 4 of the Dungeon.
             The game lasted 00:03:30 (2986 turns).

tatocazan the Skirmisher (Demonspawn Fighter)       Turns: 2986, Time: 00:03:31

Health: 0/48       AC: 18    Str: 25    XL:     6   Next: 9%
Magic:  6/6        EV:  7    Int:  9    God:
Gold:   106        SH:  4    Dex: 12    Spells: 5/5 levels left

rFire   . . .      SeeInvis .   a - +0 war axe
rCold   . . .      Faith    .   c - +0 buckler
rNeg    . . .      Spirit   .   r - +0 chain mail
rPois   .          Reflect  .   i - +0 helmet
rElec   .          Harm     .   g - +2 cloak
rCorr   .          Rampage  .   s - +0 pair of gloves
Will    .....                   (no boots)
Stlth   ..........              (no amulet)
HPRegen 0.16/turn               e - +6 ring of strength
MPRegen 0.10/turn               j - +4 ring of protection

@: lethally poisoned (0 -> -11)
A: claws 1, powered by death 2, talons 1
a: no special abilities


You were on level 4 of the Dungeon.
You visited 1 branch of the dungeon, and saw 4 of its levels.

You collected 106 gold pieces.

Inventory:

Hand Weapons
 a - a +0 war axe (weapon)
Armour
 c - a +0 buckler (worn)
 g - a +2 cloak (worn)
 i - a +0 helmet (worn)
 r - a +0 chain mail (worn)
 s - a +0 pair of gloves (worn)
Jewellery
 e - a +6 ring of strength (left hand)
 j - a +4 ring of protection (right hand)
 n - a +6 ring of dexterity
 o - an amulet of regeneration
 p - an amulet of magic regeneration
Scrolls
 b - a scroll of fear {unknown}
 k - a scroll of teleportation {unknown}
 m - a scroll of identify {unknown}
Potions
 d - a potion of might
 f - a potion of resistance {unknown}
 h - a potion of brilliance {unknown}
 l - a potion of curing


   Skills:
 + Level 4.0 Fighting
 * Level 3.9 Axes
 + Level 3.6 Armour
 + Level 3.6 Shields


You had 5 spell levels left.
You didn't know any spells.
Your spell library contained the following spells:

 Spells                   Type           Power      Damage    Failure   Level
 Animate Skeleton         Necr           0%         N/A       98%         1
 Apportation              Tloc           0%         N/A       98%         1
 Summon Small Mammal      Summ           0%         N/A       98%         1


Dungeon Overview and Level Annotations

Branches:
Dungeon (4/15)
 Temple: D:4-7

Altars:


Innate Abilities, Weirdness & Mutations

You have sharp fingernails.
You regenerate health from kills.
You have sharp toenails.


Message History

You barely miss the killer bee. You claw the killer bee.
The killer bee is heavily wounded.
You hit the killer bee. You miss the killer bee. You slash the killer bee!
The killer bee stings you.
* * * LOW HITPOINT WARNING * * *
The killer bee stings you but does no damage. x2
The killer bee closely misses you. x2
The killer bee stings you but does no damage. x4
The killer bee stings you.
* * * LOW HITPOINT WARNING * * *
You take 9 damage, and have 4/48 hp.
You feel better. The killer bee barely misses you.
The killer bee stings you but does no damage.
You block the killer bee's attack.
The killer bee stings you but does no damage. x2
The killer bee stings you.
* * * LOW HITPOINT WARNING * * *
You block the killer bee's attack. x2
You regained 7 hp, and now have 11/48 hp.
You barely miss the killer bee. You claw the killer bee.
The killer bee is severely wounded.
You hit the killer bee. You barely miss the killer bee. x2
The killer bee closely misses you. x2
The killer bee stings you but does no damage.
You block the killer bee's attack. The killer bee stings you.
* * * LOW HITPOINT WARNING * * *
The killer bee barely misses you.
The killer bee stings you but does no damage. x3
The killer bee barely misses you.
The killer bee stings you but does no damage.
The killer bee stings you.
* * * LOW HITPOINT WARNING * * *
You are lethally poisoned!
The killer bee poisons you!
You take 7 damage, and have 4/48 hp.
You barely miss the killer bee. You claw the killer bee.
You kill the killer bee!
You hit the killer bee but do no damage.
You closely miss the killer bee. You miss the killer bee.
You die...

.......# .........
#......# .........
#......# ........#
#......#
........###......##
.........##.......##
.........##..<.....#
.......yy##......#..#
......y@.#.......#
.........#......##
..............(..#
...................
...................#
#...............####
##..............#
###....##......#
#..### ##.....#


You could see 3 killer bees.

Vanquished Creatures
  A sky beast (D:3)
  A killer bee (D:4)
  A jelly (D:4)
  Robin (D:3)
  4 gnolls (D:2)
  4 adders
  2 worms (D:2)
  3 dart slugs (D:1)
  4 bats (D:1)
  3 endoplasms
  6 giant cockroaches
  12 goblins
  12 hobgoblins
  3 jackals (D:1)
  3 kobolds
  3 quokkas
  8 ball pythons
  5 frilled lizards
  3 rats
79 creatures vanquished.

Notes
Turn   | Place    | Note
-------+----------+-------------------------------------------
     0 | D:1      | tatocazan the Demonspawn Fighter began the quest for the
                  | Orb.
     0 | D:1      | Reached XP level 1. HP: 18/18 MP: 1/1
   556 | D:1      | Gained mutation: You regenerate a little health from kills.
                  | [demonic ancestry]
   556 | D:1      | Reached XP level 2. HP: 24/24 MP: 2/2
   716 | D:1      | Found a faded altar of an unknown god.
   958 | D:1      | Gained mutation: You have sharp fingernails. [demonic
                  | ancestry]
   958 | D:1      | Reached XP level 3. HP: 29/29 MP: 3/3
  1363 | D:2      | Reached XP level 4. HP: 13/35 MP: 4/4
  2492 | D:3      | Gained mutation: You regenerate health from kills. [demonic
                  | ancestry]
  2492 | D:3      | Reached XP level 5. HP: 41/42 MP: 5/5
  2550 | D:3      | Noticed a sky beast
  2565 | D:3      | Killed a sky beast
  2798 | D:3      | Noticed Robin
  2808 | D:3      | Killed Robin
  2809 | D:3      | Reached skill level 4 in Fighting
  2930 | D:4      | Noticed an ogre
  2973 | D:4      | Reached XP level 6. HP: 42/48 MP: 6/6
  2980 | D:4      | Gained mutation: You have sharp toenails. [potion of
                  | mutation]
  2986 | D:4      | Succumbed to a killer bee's poison

Illustrated notes

Levels and vault maps discovered:
D:1:      sevenhm_arrival_forest_fort_large_2, layout_loops_ring,
          chequers_ecumenical_altar_simple, minmay_misc_feat_enclosed,
          minivault_5
D:2:      minmay_razor_zed, layout_basic
D:3:      layout_rooms, uniq_robin
D:4:      layout_layer_cave, temple_fountains

Skill      XL: |  1  2  3  4  5 |
---------------+----------------+-----
Axes           | 2 3 |  3.9
Armour         | 3 |  3.6
Shields        | 3 |  3.6
Fighting       | 4 |  4.0

Action                   |  1- 3 |  4- 6 || total
-------------------------+-------+-------++-------
Melee: War axe           |   107 |   108 ||   215
       Kick              |       |     3 ||     3
  Use: Potion            |       |     4 ||     4
Armor: Scale mail        |    84 |    34 ||   118
       Chain mail        |       |    81 ||    81
Dodge: Dodged            |    64 |    73 ||   137
Block: Buckler           |    31 |    40 ||    71

Table legend: (Time is in decaauts)
 A = Elapsed time spent in this place.
 B = Non-inter-level travel time spent in this place.
 C = Inter-level travel time spent in this place.
 D = Time resting spent in this place.
 E = Time spent auto-exploring this place.
 F = Levels seen in this place.
 G = Mean time per level.
                   A        B        C        D        E       F      G
               +--------+--------+--------+--------+--------+-----+--------+
         Total |   3072 |   2948 |    124 |    185 |   2216 |   4 |  768.0 |
       Dungeon |   3072 |   2948 |    124 |    185 |   2216 |   4 |  768.0 |
               +--------+--------+--------+--------+--------+-----+--------+

Top non-repeatable levels by time:
     D:1: 1227 daAuts
     D:2: 1141 daAuts
     D:3: 672 daAuts
     D:4: 30 daAuts
